 Dungeon Crawl Stone Soup version 0.28.0-43-g3370ac3207 (webtiles) character file.

Game seed: 8546784641751801497

5 ZappyNine the Caller (level 1, 0/13 HPs)
             Began as a Gnoll Summoner on Mar 30, 2022.
             Slain by a quokka (5 damage)
             ... on level 1 of the Dungeon.
             The game lasted 00:01:19 (766 turns).

ZappyNine the Caller (Gnoll Summoner)                Turns: 766, Time: 00:01:19

Health: 0/13       AC:  1    Str:  7    XL:     1   Next: 80%
Magic:  5/6        EV: 13    Int: 14    God:
Gold:   16         SH:  0    Dex: 12    Spells: 8/9 levels left

rFire   . . .      SeeInvis .   f - +0 spear
rCold   . . .      Faith    .   (no shield)
rNeg    . . .      Spirit   .   (no armour)
rPois   .          Reflect  .   (no helmet)
rElec   .          Harm     .   (no cloak)
rCorr   .          Rampage  .   (no gloves)
Will    .....                   c - +0 pair of boots
Stlth   ++........              (no amulet)
HPRegen 0.04/turn               (no ring)
MPRegen 0.10/turn               (no ring)

@: no status effects
A: fangs 1, strong nose, distributed training
a: no special abilities


You were on level 1 of the Dungeon.
You visited 1 branch of the dungeon, and saw 1 of its levels.

You collected 16 gold pieces.

Inventory:

Hand Weapons
 a - a +0 trident
 f - a +0 spear (weapon)
Armour
 c - a +0 pair of boots (worn)
Magical Staves
 e - a staff of death
Scrolls
 b - 2 scrolls of teleportation {unknown}


   Skills:
 + Level 0.1 Fighting
 + Level 0.1 Short Blades
 + Level 0.1 Long Blades
 + Level 0.1 Axes
 + Level 0.1 Maces & Flails
 + Level 0.1 Polearms
 + Level 0.1 Staves
 + Level 0.1 Slings
 + Level 0.1 Bows
 + Level 0.1 Crossbows
 + Level 0.1 Throwing
 + Level 0.1 Armour
 + Level 4.4 Dodging
 + Level 4.0 Stealth
 + Level 0.1 Shields
 + Level 0.1 Unarmed Combat
 + Level 4.9 Spellcasting
 + Level 0.1 Conjurations
 + Level 0.1 Hexes
 + Level 7.0 Summonings
 + Level 0.1 Necromancy
 + Level 0.1 Translocations
 + Level 0.1 Transmutations
 + Level 0.1 Fire Magic
 + Level 0.1 Ice Magic
 + Level 0.1 Air Magic
 + Level 0.1 Earth Magic
 + Level 0.1 Poison Magic
 + Level 0.2 Invocations
 + Level 0.1 Evocations


You had 8 spell levels left.
You knew the following spells:

 Your Spells              Type           Power      Damage    Failure   Level
a - Summon Small Mammal   Summ           92%        N/A       1%          1

Your spell library contained the following spells:

 Spells                   Type           Power      Damage    Failure   Level
 Call Imp                 Summ           23%        N/A       1%          2
 Call Canine Familiar     Summ           23%        N/A       3%          3
 Summon Guardian Golem    Hex/Summ       13%        N/A       12%         3
 Shock                    Conj/Air       12%        1d3       17%         1
 Animate Armour           Summ/Erth      26%        N/A       38%         4
 Summon Lightning Spire   Summ/Air       13%        N/A       38%         4
 Stone Arrow              Conj/Erth      6%         3d7       45%         3
 Swiftness                Air            3%         N/A       45%         3
 Airstrike                Air            1%         N/A       86%         4
 Lehudib's Crystal Spear  Conj/Erth      1%         10d2      100%        8


Dungeon Overview and Level Annotations

Branches:
Dungeon (1/15)

Altars:


Innate Abilities, Weirdness & Mutations

You have very sharp teeth.
Your uncanny sense of smell can sniff out nearby items.
Your experience applies equally to all skills.


Message History

You now have 16 gold pieces (gained 6).
A ball python comes into view.
A ball python is nearby!
A quokka comes into view.
Found 13 gold pieces.
The ball python hisses angrily.
You reach to attack!
The helpless quokka fails to defend itself.
You hit the quokka.
The quokka is heavily wounded.
The quokka bites you.
You hit the quokka. You bite the quokka.
The quokka is almost dead.
The ball python barely misses you. The ball python closely misses you.
The quokka misses you. The ball python misses you.
The ball python closely misses you.
You barely miss the quokka.
The quokka is almost dead.
The quokka bites you but does no damage.
The ball python bites you. The ball python grabs you.
The ball python constricts you. The quokka closely misses you.
You closely miss the ball python. The ball python barely misses you.
The ball python constricts you. The quokka bites you.
You are too injured to fight recklessly!
You are too injured to fight recklessly!
You are too injured to fight recklessly!
You are too injured to fight recklessly!
You are too injured to fight recklessly!
You are too injured to fight recklessly!
You are too injured to fight recklessly!
You are too injured to fight recklessly!
You are too injured to fight recklessly!
You are too injured to fight recklessly!
You are too injured to fight recklessly!
You are too injured to fight recklessly!
You escape the ball python's grasp.
Casting: Summon Small Mammal (safe; 1% risk of failure)
Confirm with . or Enter, or press ? or * to list all spells.
The quokka bites you.
You die...

∆ #....# #....#
#....# #....#
..#####....#
.....$..... #.#
.........#
#.#########S##.#
#.#.....b@r....#
#.#.##.#########
#.#.##.# #
#.#.##.# ##
#.#.##.#
)#######.#.##.#
#........#§##.#
##............#
#.#############


You could see a quokka (ally target), a ball python and a friendly bat
(summoned).

Vanquished Creatures
  A kobold (D:1)
  2 rats (D:1)
3 creatures vanquished.

Vanquished Creatures (collateral kills)
  2 hobgoblins (D:1)
  A ball python (D:1)
3 creatures vanquished.

Grand Total: 6 creatures vanquished

Notes
Turn   | Place    | Note
-------+----------+-------------------------------------------
     0 | D:1      | ZappyNine the Gnoll Summoner began the quest for the Orb.
     0 | D:1      | Reached XP level 1. HP: 13/13 MP: 6/6
   766 | D:1      | Slain by a quokka

Illustrated notes

Levels and vault maps discovered:
D:1:      dpeg_arrival_round_b, layout_loops_ring, feat_on_display

Action                   || total
-------------------------++-------
Melee: Spear             ||    10
       Unarmed           ||     9
       Club              ||     7
       Bite              ||     1
 Cast: Summon Small Mamm ||    15
 Stab: Sleeping          ||     1
Armor: Robe              ||     7
       Skin              ||     2
Dodge: Dodged            ||    25
